 Dungeon Crawl Stone Soup version 0.30-a0-1157-g2cc9ac7196 (webtiles) character file.

Game seed: 13108610479953740935

1105 qeuew the Ducker (level 7, 0/57 HPs)
             Began as a Demigod Gladiator on Apr 24, 2023.
             Slain by a gnoll
             ... wielding a +0 spear
             ... led by a gnoll bouda
              (5 damage)
             ... on level 5 of the Dungeon.
             The game lasted 00:04:40 (4337 turns).

qeuew the Ducker (Demigod Gladiator)                Turns: 4337, Time: 00:04:40

Health: 0/57       AC:  5    Str: 15    XL:     7   Next: 85%
Magic:  9/9        EV: 20    Int: 10    God:
Gold:   247        SH:  0    Dex: 23    Spells: 6/6 levels left

rFire   . . .        a - +0 long sword
rCold   . . .        (no shield)
rNeg    . . .        b - +0 leather armour
rPois   .            c - +1 helmet
rElec   .            (no cloak)
rCorr   .            (no gloves)
SInv    .            (no boots)
Will    .....        (no amulet)
Stlth   ++           k - +5 ring of evasion
HPRegen 0.29/turn    (no ring)
MPRegen 0.11/turn

%: no passive effects
@: no status effects
A: high MP 1, forlorn, divine attributes
a: no special abilities


You were on level 5 of the Dungeon.
You visited 1 branch of the dungeon, and saw 5 of its levels.

You collected 247 gold pieces.

Inventory:

Hand Weapons
 a - a +0 long sword (weapon)
Missiles
 d - 3 throwing nets (quivered)
 e - a javelin
Armour
 b - a +0 leather armour (worn)
 c - a +1 helmet (worn)
Jewellery
 k - a +5 ring of evasion (left hand)
Wands
 q - a wand of quicksilver (4)
 s - a wand of paralysis (7)
Scrolls
 f - 2 scrolls of fog
 g - 3 scrolls of identify
 h - a scroll of silence
Potions
 i - 2 potions of resistance
 j - 2 potions of haste
 l - a potion of berserk rage
 m - 4 potions of flight
 p - a potion of curing
 r - a potion of ambrosia


   Skills:
 + Level 3.2 Fighting
 * Level 4.8 Long Blades
 * Level 4.5 Throwing
 + Level 2.7 Armour
 * Level 4.9 Dodging
 + Level 2.2 Evocations


You had 6 spell levels left.
You didn't know any spells.
Your spell library contained the following spells:

 Spells                   Type           Power      Damage    Failure   Level
 Shock                    Conj/Air       0%         1d3       43%         1
 Sting                    Tmut/Pois      0%         1d3       43%         1
 Cigotuvi's Dreadful Rot  Necr/Pois/Air  0%         N/A       56%         2
 Poisonous Vapours        Pois/Air       0%         N/A       56%         2
 Inner Flame              Hex/Fire       0%         N/A       80%         3
 Portal Projectile        Hex/Tloc       0%         N/A       80%         3
 Tukima's Dance           Hex            0%         N/A       80%         3
 Dispel Undead            Necr           0%         3d6       99%         4
 Flame Wave               Conj/Fire      0%         2d4       99%         4
 Olgreb's Toxic Radiance  Pois           0%         N/A       99%         4
 Sticky Flame             Conj/Fire      0%         2d3       99%         4
 Blade Hands              Tmut           0%         N/A       100%        5
 Fireball                 Conj/Fire      0%         3d3       100%        5
 Death Channel            Necr           0%         N/A       100%        6


Dungeon Overview and Level Annotations

Branches:
Dungeon (5/15)
 Temple: D:4-7

Shops:
D:1 :

Annotations:
D:5 3 runed translucent doors, BlueFalcon's ghost, novice DsVM


Innate Abilities, Weirdness & Mutations

You have an increased reservoir of magic. (+10% MP)
You shall have no god before yourself.
Your divine heritage dramatically boosts your attributes as you level up.


Message History

The gnoll misses you.
You barely miss the ogre.
The gnoll hits you from afar with a +0 spear.
You hit the ogre.
The ogre is lightly wounded.
The ogre misses you. The gnoll hits you but does no damage.
You slash the ogre!
The ogre is severely wounded.
The ogre misses you.
The gnoll hits you from afar with a +0 spear.
You hit the ogre.
The ogre is severely wounded.
The gnoll misses you.
The ogre hits you with a +0 giant club!!
You are too injured to fight recklessly!
You are too injured to fight recklessly!
You are too injured to fight recklessly!
You are too injured to fight recklessly!
You are too injured to fight recklessly!
You are too injured to fight recklessly!
You are too injured to fight recklessly!
You are too injured to fight recklessly!
You are too injured to fight recklessly!
You are too injured to fight recklessly!
You are too injured to fight recklessly!
You are too injured to fight recklessly!
You are too injured to fight recklessly!
You barely miss the ogre.
The ogre is severely wounded.
The gnoll completely misses you. The ogre hits you with a +0 giant club!
* * * LOW HITPOINT WARNING * * *
You slash the ogre!
You kill the ogre!
The gnoll closely misses you. The gnoll hits you with a +0 spear.
* * * LOW HITPOINT WARNING * * *
There is an open door, spattered with blood here.
You see here a +0 giant club.
You hit the gnoll but do no damage. The gnoll hits you with a +0 spear.
You die...

#.# #.# ##.#.#
..###.#####.#.#
...##.........#
##.########'### .#
##...## .# ##.....## .#
#..# #.......## #.#.#
...# #.......<)###.....#
...............)@.......#
................#g......#
#.#####........##.......#
.# #.#.....###.......# #
#.##...## ###...### ##+#
...# #.## .#


You could see a gnoll.

Vanquished Creatures
  A water moccasin (D:5)
  A black bear (D:4)
  An ice beast (D:5)
  4 ogres (D:5)
  2 scorpions (D:4)
  A bullfrog zombie (D:5)
  A jelly (D:5)
  Crazy Yiuf (D:4)
  A gnoll bouda (D:4)
  An iguana (D:4)
  An orc wizard (D:5)
  A howler monkey zombie (D:5)
  2 gnolls (D:5)
  A river rat (D:4)
  8 adders
  3 worms
  2 dart slugs (D:2)
  4 orcs
  7 bats
  3 endoplasms
  7 giant cockroaches
  5 goblins
  3 hobgoblins
  6 jackals (D:2)
  5 kobolds
  3 quokkas
  6 ball pythons
  A frilled lizard (D:3)
  3 rats
85 creatures vanquished.

Vanquished Creatures (others)
  A plant (D:2)
1 creature vanquished.

Grand Total: 86 creatures vanquished

Notes
Turn   | Place    | Note
-------+----------+-------------------------------------------
     0 | D:1      | qeuew the Demigod Gladiator began the quest for the Orb.
     0 | D:1      | Reached XP level 1. HP: 17/17 MP: 3/3
    96 | D:1      | Found Luluer's Book Shoppe.
   389 | D:1      | Reached XP level 2. HP: 24/24 MP: 4/4
  1076 | D:2      | Reached XP level 3. HP: 27/29 MP: 5/5
  1384 | D:2      | Reached skill level 1 in Armour
  2052 | D:3      | Reached XP level 4. HP: 33/36 MP: 6/6
  2469 | D:4      | Reached XP level 5. HP: 40/41 MP: 7/7
  2528 | D:4      | Noticed a black bear
  2541 | D:4      | Killed a black bear
  2542 | D:4      | Reached skill level 1 in Evocations
  3036 | D:4      | Reached XP level 6. HP: 50/50 MP: 8/8
  3102 | D:4      | Found a runed translucent door.
  3103 | D:4      | Noticed Crazy Yiuf
  3250 | D:4      | Killed Crazy Yiuf
  3295 | D:5      | Entered Level 5 of the Dungeon
  3405 | D:5      | Noticed a water moccasin
  3416 | D:5      | Killed a water moccasin
  3645 | D:5      | Reached XP level 7. HP: 36/56 MP: 9/9
  3805 | D:5      | Found a runed translucent gate.
  3805 | D:5      | Noticed BlueFalcon's ghost (novice DsVM)
  3806 | D:5      | Found a runed translucent gate.
  3806 | D:5      | Found a runed translucent gate.
  4139 | D:5      | Got Sif Muna's Vellum of Trauma
  4337 | D:5      | Slain by a gnoll

Illustrated notes

Levels and vault maps discovered:
D:1:      dpeg_arrival_shelter, layout_basic, serial_shops, shop,
          hangedman_decor_clover_reticule
D:2:      layout_loops_ring, serial_bayou_ford_a
D:3:      minmay_diamond_boxcup, layout_basic
D:4:      layout_loops_ring, nicolae_gozag_seed_capital, portal_sewer_entry_e,
          uniq_crazy_yiuf_cottage
D:5:      layout_loops_corners, nicolae_yredelemnul_ghost_church

Skill      XL: |  1  2  3  4  5  6  7 |
---------------+----------------------+-----
Throwing       | 2 3 4 |  4.5
Long Blades    | 3 4 |  4.8
Dodging        | 3 4 |  4.9
Fighting       | 2 3 |  3.2
Armour         | 1 2 |  2.7
Evocations     | 1 2 |  2.2

Action                     |  1- 3 |  4- 6 |  7- 9 || total
---------------------------+-------+-------+-------++-------
  Melee: Long sword        |   136 |   127 |    78 ||   341
         Punch             |     1 |     2 |       ||     3
  Throw: Throwing net      |       |     1 |       ||     1
    Use: Potion            |     3 |     3 |       ||     6
         Scroll            |     4 |     6 |       ||    10
   Stab: Sleeping          |     3 |     3 |       ||     6
         Distracted        |     1 |     1 |       ||     2
 Armour: Leather armour    |    41 |    20 |     8 ||    69
  Dodge: Dodged            |   119 |   165 |    88 ||   372

Table legend: (Time is in decaauts)
 A = Elapsed time spent in this place.
 B = Non-inter-level travel time spent in this place.
 C = Inter-level travel time spent in this place.
 D = Time resting spent in this place.
 E = Time spent auto-exploring this place.
 F = Levels seen in this place.
 G = Mean time per level.
                   A        B        C        D        E       F      G
               +--------+--------+--------+--------+--------+-----+--------+
         Total |   4394 |   4265 |    129 |     23 |   3475 |   5 |  878.8 |
       Dungeon |   4394 |   4265 |    129 |     23 |   3475 |   5 |  878.8 |
               +--------+--------+--------+--------+--------+-----+--------+

Top non-repeatable levels by time:
     D:4: 1128 daAuts
     D:5: 1034 daAuts
     D:1: 922 daAuts
     D:2: 797 daAuts
     D:3: 511 daAuts
